 Dungeon Crawl Stone Soup version 0.21.1-1-g345015fe64 (webtiles) character file.

86 Oravi the Changer (level 4, -8/32 HPs)
             Began as a Merfolk Transmuter on May 15, 2018.
             Killed by divine providence
             ... invoked by an orc priest
              (14 damage)
             ... on level 3 of the Dungeon.
             The game lasted 00:05:47 (2619 turns).

Oravi the Changer (Merfolk Transmuter)              Turns: 2619, Time: 00:05:48

Health: -8/32      AC:  2    Str: 10    XL:     4   Next: 50%
Magic:  5/7        EV: 21    Int: 13    God:
Gold:   109        SH:  0    Dex: 19    Spells: 1/7 levels left

rFire    . . .     SeeInvis .     - Unarmed
rCold    . . .     Gourm    .   (shield currently unavailable)
rNeg     . . .     Faith    .   (armour currently unavailable)
rPois    x         Spirit   .   (helmet currently unavailable)
rElec    .         Reflect  .   (cloak currently unavailable)
rCorr    .         Harm     .   (gloves currently unavailable)
MR       .....                  (boots currently unavailable)
Stlth    +.........             (no amulet)
HPRegen  0.10/turn              (no ring)
MPRegen  0.10/turn              (no ring)

@: confused, spider-form (expiring)
A: tiny, (change form in water), (swift swim), (stealthy swim)
a: End Transformation


You were on level 3 of the Dungeon.
You were not hungry.
You were a venomous arachnid creature.
You visited 1 branch of the dungeon, and saw 3 of its levels.

You collected 109 gold pieces.

Inventory:

Missiles
 a - 95 arrows
Armour
 b - a +0 robe (melded)
Jewellery
 r - a cursed amulet of inaccuracy {unknown}
 u - an uncursed amulet of magic regeneration {unknown}
Wands
 f - a wand of iceblast (20)
 t - a wand of scattershot (8)
Scrolls
 e - 2 scrolls of enchant weapon {unknown}
 i - a scroll of fear {unknown}
 l - 2 scrolls of remove curse {unknown}
 q - 2 scrolls of magic mapping {unknown}
Potions
 g - a potion of flight {unknown}
 h - a potion of berserk rage {unknown}
 j - 2 potions of curing {unknown}
 k - 2 potions of degeneration {unknown}
 m - a potion of cancellation {unknown}
 n - a potion of agility {unknown}
 o - a potion of lignification {unknown}
 s - a potion of magic {unknown}
 v - a potion of brilliance {unknown}
Books
 c - a book of Changes

   Spells                             Type                      Level
   a - Beastly Appendage              Transmutation                1
   b - Sticks to Snakes               Transmutation                2
   c - Spider Form                    Transmutation/Poison         3
   d - Ice Form                       Ice/Transmutation            4
   e - Blade Hands                    Transmutation                5
Comestibles
 d - 3 chunks of flesh
 p - 6 rations


   Skills:
 - Level 1.1 Fighting
 - Level 2.6 Dodging
 + Level 4.6 Unarmed Combat
 - Level 2.0 Spellcasting
 + Level 4.7 Transmutations


You had one spell level left.
You knew the following spells:

 Your Spells              Type           Power        Failure   Level  Hunger
a - Spider Form           Tmut/Pois      #.........   50%         3    ####...
b - Sticks to Snakes      Tmut           ##......     16%         2    ###....
c - Beastly Appendage     Tmut           ##....       12%         1    ##.....


Dungeon Overview and Level Annotations

Branches:
Dungeon (3/15)

Altars:


Message History

The orc priest hits you with a short sword!
The orc wizard closely misses you. The orc misses you.
You barely miss the orc wizard.
The orc wizard is moderately wounded.
The orc priest closely misses you. The orc wizard casts a spell at you.
You are confused.
The orc closely misses you.
The orc wizard hits you from afar with a spear.
The orc priest miscasts a cantrip.
You bump into the rock wall.
The orc priest invokes the aid of Beogh against you.
Pain shoots through your body!
* * * LOW HITPOINT WARNING * * *
The orc wizard suddenly grunts.
The orc priest completely misses you. The orc wizard barely misses you.
You bump into the rock wall.
The orc priest mumbles some strange prayers to Beogh against you.
Beogh smites you!
You die...

#.# #.# #.# ####.# ###
.....#######.#
####.........#
...#..######.# #####
####..######.#####o...###
................soo...'..
......#####..#####o...###
####...####..#####....#
#.#................# #
#.#.####..########## ##
#.#..# #.>......
.######.# #........
......#.###........#
......'............#


You could see an orc priest, an orc wizard and 2 orcs.

Vanquished Creatures
  3 oozes
  2 dart slugs (D:2)
  3 leopard geckos
  4 orcs (D:3)
  A ball python (D:3)
  4 giant cockroaches
  7 hobgoblins
  7 jackals
  8 kobolds
  A quokka (D:3)
  4 bats
  4 frilled lizards
  3 goblins
  8 rats
59 creatures vanquished.

Notes
Turn   | Place    | Note
-------+----------+-------------------------------------------
     0 | D:1      | Oravi the Merfolk Transmuter began the quest for the Orb.
     0 | D:1      | Reached XP level 1. HP: 15/15 MP: 3/3
   249 | D:1      | Reached XP level 2. HP: 18/21 MP: 3/5
   942 | D:1      | Reached XP level 3. HP: 11/26 MP: 4/6
   946 | D:1      | Learned a level 2 spell: Sticks to Snakes
   950 | D:1      | Learned a level 3 spell: Spider Form
  1704 | D:2      | Reached XP level 4. HP: 32/32 MP: 3/7
  2619 | D:3      | Killed from afar by an orc priest

Skill      XL: |  1  2  3 |
---------------+----------+-----
Transmutations | 3 4 |  4.7
Unarmed Combat | 4 |  4.6
Fighting       | |  1.1
Dodging        | |  2.6
Spellcasting   | |  2.0

Action                   |  1- 3 |  4- 6 || total
-------------------------+-------+-------++-------
Melee: Unarmed           |   117 |    44 ||   161
       Headbutt          |    10 |       ||    10
 Cast: Beastly Appendage |    14 |       ||    14
       Spider Form       |     6 |    11 ||    17
 Stab: Sleeping          |     5 |     1 ||     6
  Eat: Chunk             |     1 |     4 ||     5
       Ration            |     1 |       ||     1
Armor: Robe              |    14 |       ||    14
       Skin              |       |     2 ||     2
Dodge: Dodged            |    61 |    49 ||   110
